 Dungeon Crawl Stone Soup version 0.27.1-16-g815e20cd7a (webtiles) character file.

Game seed: 17059846271580711641

2906 MisterFreud the Nimble (level 9, -3/41 HPs)
             Began as a Felid Berserker on Nov 22, 2021.
             Was a High Priest of Trog.
             Slain by a yak (15 damage)
             ... on level 10 of the Dungeon.
             The game lasted 00:11:43 (10585 turns).

MisterFreud the Nimble (Felid Berserker)           Turns: 10585, Time: 00:11:44

Health: -3/41      AC:  2    Str: 13    XL:     9   Next: 49%
Magic:  10/10      EV: 27    Int:  9    God:    Trog [*****.]
Gold:   361        SH:  0    Dex: 19    Spells: 8/8 levels left
                                        Lives:  0   Deaths: 2

rFire    . . .     SeeInvis +     - Unarmed
rCold    . . .     Faith    .   (shield unavailable)
rNeg     . . .     Spirit   .   (armour unavailable)
rPois    .         Reflect  .   (helmet unavailable)
rElec    .         Harm     .   (cloak unavailable)
rCorr    .         Rampage  .   (gloves unavailable)
Will     +++..                  (boots unavailable)
Stlth    +++++.....             (no amulet)
HPRegen  1.13/turn              o - ring of flight
MPRegen  0.12/turn              (no ring)

@: strong-willed, flying, regenerating, quick
A: very small, claws 1, fangs 3, see invisible, speed 1, shaggy fur 2, stealthy
paws, no weapons or thrown items, no armour, multi-lived
a: Renounce Religion, Berserk, Trog's Hand, Brothers in Arms


You were on level 10 of the Dungeon.
You worshipped Trog.
Trog was extremely pleased with you.
You visited 1 branch of the dungeon, and saw 10 of its levels.

You collected 468 gold pieces.
You spent 107 gold pieces at shops.

Inventory:

Jewellery
 o - a ring of flight (left paw)
Wands
 k - a wand of digging (6)
 p - a wand of flame (26)
 q - a wand of iceblast (17)
 y - a wand of polymorph (9)
Scrolls
 a - a scroll of blinking
 c - a scroll of fear
 e - 6 scrolls of teleportation
 j - a scroll of brand weapon {unknown}
 s - 3 scrolls of immolation {unknown}
 t - a scroll of magic mapping {unknown}
 u - a scroll of acquirement {unknown}
 x - 2 scrolls of identify
Potions
 b - a potion of ambrosia
 d - 2 potions of degeneration
 f - 4 potions of haste
 g - 3 potions of lignification
 h - a potion of might
 i - 2 potions of attraction
 l - a potion of resistance
 m - a potion of cancellation {unknown}
 n - 3 potions of curing
 r - 2 potions of mutation
 v - a potion of flight {unknown}
 w - a potion of magic {unknown}


   Skills:
 - Level 6.0 Fighting
 + Level 12.3 Dodging
 - Level 10.0 Stealth
 - Level 10.0 Unarmed Combat
 - Level 6.0 Evocations


You had 8 spell levels left.
You didn't know any spells.
Your spell library was empty.

Dungeon Overview and Level Annotations

Branches:
Dungeon (10/15)            Temple (0/1) D:4            Lair (0/6) D:9
    Orc: D:9-12

Altars:
Dithmenos
Gozag
Kikubaaqudgha
Uskayaw
Xom
Zin

Shops:
D:5 *   D:8 [


Innate Abilities, Weirdness & Mutations

You have sharp claws.
You have razor-sharp teeth.
You have supernaturally acute eyesight. (SInv)
You cover ground quickly. (Speed+)
You are covered in thick fur. (AC +2)
Your paws help you pounce on unaware monsters.
You are incapable of wielding weapons or throwing items.
You cannot wear armour.
You gain extra lives every three experience levels.


Message History

You feel strong-willed. The yak completely misses you.
You closely miss the yak. You bite the yak, but do no damage.
You scratch the yak but do no damage. The yak closely misses you.
You scratch the yak. You bite the yak.
The yak is lightly wounded.
The yak misses you.
You scratch the yak but do no damage.
The yak is lightly wounded.
The yak misses you.
You claw the yak!
The yak is heavily wounded.
The yak misses you.
You barely miss the yak.
The yak is heavily wounded.
The yak barely misses you.
You scratch the yak. Your bite misses the yak.
The yak is severely wounded.
You barely miss the yak.
The yak is severely wounded.
The yak completely misses you.
You closely miss the yak.
The yak is severely wounded.
The yak gores you!
* * * LOW HITPOINT WARNING * * *
You claw the yak!
The yak is almost dead.
The yak completely misses you.
You scratch the yak.
You kill the yak!
Trog accepts your kill.
You claw the yak! You bite the yak.
The yak is heavily wounded.
You claw the yak! You bite the yak.
The yak is severely wounded.
The yak closely misses you.
You scratch the yak.
The yak is almost dead.
The yak gores you!
You die...

...................#
...................#
...................#
..:................#
......Y.Y..........#
#................#
#.##YY...........#
#.##.............#
#@##.............#
#Y##YY...........#
#YY.YY...........
################


You could see 3 yaks.

Vanquished Creatures
  Gastronok (D:8)
  Pikel (D:6)
  Sigmund (D:3)
  A wyvern (D:8)
  7 yaks
  2 steam dragons
  A water moccasin (D:6)
  An acid dragon (D:9)
  An orc warrior (D:8)
  3 black bears
  An ogre (D:7)
  A sky beast (D:8)
  3 centaurs
  A necrophage (D:5)
  A phantom (D:5)
  3 lemures
  3 bullfrogs
  2 scorpions
  2 water moccasin skeletons
  3 killer bees (D:9)
  6 wights
  4 howler monkeys
  4 bullfrog zombies (D:5)
  A centaur zombie (D:8)
  A human zombie (D:5)
  A hound (D:6)
  4 jellies
  2 centaur skeletons
  4 orc priests
  A gnoll shaman (D:7)
  2 bullfrog skeletons (D:6)
  5 orc wizards
  Natasha (thrice) (D:2)
  Terence (D:2)
  5 iguanas
  A killer bee zombie (D:9)
  2 hound zombies (D:5)
  3 mummies (D:5)
  5 howler monkey zombies
  4 gnolls
  6 adders
  2 shadow imps
  An adder skeleton (D:4)
  3 worms
  3 dart slugs
  21 orcs
  6 ball pythons
  11 endoplasms
  2 giant cockroaches (D:3)
  6 goblins
  15 hobgoblins
  2 jackals (D:2)
  7 kobolds
  4 quokkas
  9 bats
  3 frilled lizards
  4 rats
203 creatures vanquished.

Vanquished Creatures (others)
  2 plants (D:9)
2 creatures vanquished.

Grand Total: 205 creatures vanquished

Notes
Turn   | Place    | Note
-------+----------+-------------------------------------------
     0 | D:1      | MisterFreud the Felid Berserker began the quest for the
                  | Orb.
     0 | D:1      | Reached XP level 1. HP: 10/10 MP: 2/2
   234 | D:1      | Reached skill level 1 in Stealth
   309 | D:1      | Reached XP level 2. HP: 12/14 MP: 3/3
   776 | D:1      | Reached XP level 3. HP: 16/17 MP: 4/4
   958 | D:2      | Noticed Natasha
   963 | D:2      | Killed Natasha
  1431 | D:2      | Reached XP level 4. HP: 21/21 MP: 5/5
  1504 | D:2      | Noticed Natasha
  1584 | D:2      | Killed Natasha
  1584 | D:2      | Reached ** piety under Trog
  1687 | D:2      | Noticed Natasha
  1847 | D:2      | Killed Natasha
  2029 | D:2      | Noticed Terence
  2038 | D:2      | Killed Terence
  2039 | D:2      | Reached XP level 5. HP: 24/24 MP: 6/6
  2102 | D:2      | Found a shimmering altar of Xom.
  2144 | D:2      | Reached skill level 5 in Stealth
  2335 | D:3      | Noticed Sigmund
  2339 | D:3      | Killed Sigmund
  2340 | D:3      | Reached skill level 5 in Unarmed Combat
  2340 | D:3      | Gained mutation: You are covered in thick fur. (AC +2)
                  | [Felid growth]
  2340 | D:3      | Reached XP level 6. HP: 28/28 MP: 7/7
  2821 | D:3      | Found a hide-covered altar of Uskayaw.
  3349 | D:4      | Reached *** piety under Trog
  3633 | D:4      | Reached XP level 7. HP: 27/31 MP: 8/8
  3639 | D:4      | Reached skill level 5 in Dodging
  3967 | D:4      | Found a staircase to the Ecumenical Temple.
  4146 | D:5      | Entered Level 5 of the Dungeon
  4474 | D:5      | Reached skill level 6 in Dodging
  4777 | D:5      | Found Settepsuk's Assorted Antiques.
  4789 | D:5      | Bought a bone wand for 88 gold pieces
  4789 | D:5      | Bought a bubbling silvery potion for 19 gold pieces
  4871 | D:5      | Reached skill level 5 in Fighting
  5096 | D:5      | Reached skill level 7 in Dodging
  5138 | D:5      | Reached XP level 8. HP: 37/37 MP: 9/9
  5214 | D:5      | Found an ancient bone altar of Kikubaaqudgha.
  5245 | D:5      | Reached **** piety under Trog
  5353 | D:6      | Reached skill level 8 in Dodging
  5385 | D:6      | Reached skill level 9 in Dodging
  5482 | D:6      | Found a shadowy altar of Dithmenos.
  5594 | D:6      | Reached skill level 10 in Dodging
  5800 | D:6      | Noticed Pikel
  6107 | D:6      | Reached skill level 1 in Evocations
  6379 | D:6      | HP: 2/57 [Pikel (9)]
  6739 | D:6      | Reached XP level 9. HP: 40/41 MP: 10/10
  6878 | D:6      | Killed Pikel
  7111 | D:7      | Found an opulent altar of Gozag.
  7111 | D:7      | Found a glowing silver altar of Zin.
  8194 | D:8      | Reached skill level 5 in Evocations
  8564 | D:8      | Noticed Gastronok
  8585 | D:8      | Killed Gastronok
  8586 | D:8      | Reached skill level 10 in Stealth
  8586 | D:8      | Reached XP level 10. HP: 40/45 MP: 11/11
  8857 | D:9      | Reached ***** piety under Trog
  8942 | D:9      | HP: 2/67 [poisoned by a killer bee]
  8944 | D:9      | Succumbed to a killer bee's poison
  8945 | D:9      | Reached XP level 9. HP: 0/61 MP: 10/10
  9036 | D:8      | Reached skill level 10 in Unarmed Combat
  9140 | D:8      | HP: 2/61 [gnoll sergeant (3)]
  9142 | D:8      | Slain by a gnoll sergeant
  9143 | D:8      | Reached XP level 8. HP: -5/57 MP: 9/9
  9440 | D:8      | Found Qicapurr's Antique Armour Boutique.
  9816 | D:9      | Found a staircase to the Lair.
 10116 | D:9      | Reached skill level 11 in Dodging
 10116 | D:9      | Reached XP level 9. HP: 39/41 MP: 10/10
 10541 | D:10     | Entered Level 10 of the Dungeon
 10569 | D:10     | Reached skill level 12 in Dodging
 10585 | D:10     | Slain by a yak

Illustrated notes

Levels and vault maps discovered:
D:1:      roderic_chinese_lattice_arrival, layout_basic
D:2:      wander_river, layout_loops_cross, basic_altar,
          hangedman_decor_opposing, uniq_natasha, uniq_terence
D:3:      layout_basic, nicolae_overflow_crystal_walls, serial_glass,
          glass_columns_b, glass_columns_b, due_unseen_surprise,
          feat_on_display, uniq_sigmund
D:4:      layout_rooms, minmay_temple_entry_drinking_statues,
          minmay_misc_feat_rugged, chequers_garden
D:5:      layout_rooms, lemuel_mausoleum_altar_kikubaaqudgha, serial_shops, shop
D:6:      layout_basic, nicolae_dithmenos_shadow_blocks, uniq_pikel
D:7:      layout_rooms, grunt_temple_overflow_gold_and_silver
D:8:      layout_loops_cross, serial_shops, shop, uniq_gastronok
D:9:      layout_long_grid, dpeg_oklobed_lair
D:10:     layout_basic, enter_bailey_6

Skill      XL: |  1  2  3  4  5  6  7  8  9 |
---------------+----------------------------+-----
Stealth        | 1 2 3 4 6 10 | 10.0
Unarmed Combat | 4 5 6 10 | 10.0
Dodging        | 7 11 12 | 12.3
Fighting       | 5 6 |  6.0
Evocations     | 2 6 |  6.0

Action                   |  1- 3 |  4- 6 |  7- 9 | 10-12 || total
-------------------------+-------+-------+-------+-------++-------
Melee: Unarmed           |    63 |   103 |   433 |    27 ||   626
       Bite              |     5 |     4 |    61 |     4 ||    74
       Punch             |       |       |    10 |     2 ||    12
Invok: Berserk           |     4 |     5 |    18 |     1 ||    28
       Trog's Hand       |       |       |     3 |     1 ||     4
  Use: Scroll            |       |       |    17 |       ||    17
 Stab: Sleeping          |     2 |    14 |    16 |       ||    32
       Distracted        |       |       |     1 |       ||     1
Armor: Skin              |     5 |     6 |    12 |     1 ||    24
Dodge: Dodged            |    64 |    66 |   326 |    32 ||   488
